[Event "Titled Tuesday Blitz November 08 Late 2022"]
[White "Papayan, Oleg"]
[Black "Muhammad, Shahzeb"]
[WhiteFideId "4193911"]
[BlackFideId "7804806"]
[WhiteElo "2153"]
[BlackElo "2374"]
[Result "1-0"]
[Round "11"]
[TimeControl "180+1"]
[Date "2022.11.09"]
[WhiteClock "0:00:24"]
[BlackClock "0:00:27"]

1. e4 d5 2. exd5 Nf6 3. d4 Nxd5 4. c4 Nb6 5. c5 Nd5 6. Nf3 g6 7. Bc4 Bg7 8. Nc3 c6 9. O-O O-O 10. Nxd5 cxd5 11. Bd3 Nc6 12. Be3 Bg4 13. Be2 e5 14. Nxe5 Bxe2 15. Nxc6 Bxd1 16. Nxd8 Be2 17. Nxb7 Bxf1 18. Kxf1 Rab8 19. c6 Rfc8 20. Rc1 Bf8 21. Bf4 Rxc6 22. Rxc6 Rxb7 23. b3 Bb4 24. Be5 Kf8 25. Ke2 Ke8 26. Kd3 Kd7 27. Rf6 Ke7 28. Ra6 Kd7 29. g4 Be1 30. f3 Bb4 31. a3 Be7 32. b4 Kc8 33. Ra5 Rd7 34. Rb5 Rd8 35. Rb8+ Kd7 36. Rb7+ Ke6 37. Rxa7 f6 38. Ra6+ Kf7 39. Bg3 Rc8 40. b5 Rc1 41. b6 Ke8 42. b7 1-0


[Site "https://www.chess.com"]

[Event "Titled Tuesday Blitz November 08 Late 2022"]
[White "Paravyan, David"]
[Black "Svane, Rasmus"]
[WhiteFideId "4194985"]
[BlackFideId "4657101"]
[WhiteElo "2546"]
[BlackElo "2674"]
[Result "1-0"]
[Round "11"]
[TimeControl "180+1"]
[Date "2022.11.09"]
[WhiteClock "0:00:08"]
[BlackClock "0:00:01"]

1. e4 c6 2. d4 d5 3. e5 Bf5 4. h4 h5 5. Bd3 Bxd3 6. Qxd3 Qa5+ 7. Nc3 e6 8. Bg5 Qa6 9. Qh3 Qb6 10. Nge2 c5 11. Nxd5 Qa5+ 12. Ndc3 cxd4 13. O-O-O dxc3 14. Rd8+ Qxd8 15. Bxd8 cxb2+ 16. Kb1 Nc6 17. Bg5 Be7 18. Qb3 Rb8 19. Nf4 Bxg5 20. hxg5 g6 21. Nd3 Nge7 22. Nc5 O-O 23. Nd7 Kg7 24. g4 hxg4 25. Nxf8 Rxf8 26. Qg3 Nf5 27. Qh2 Rg8 28. Qh7+ Kf8 29. Rd1 Rg7 30. Qh8+ Rg8 31. Qf6 Ke8 32. Rh1 Nfe7 33. Rh8 Rxh8 34. Qxh8+ Kd7 35. Kxb2 Nf5 36. c3 g3 37. fxg3 Nxg3 38. Qf8 Nxe5 39. Qb8 Nc4+ 40. Kb3 Nd6 41. Qxa7 Nge4 42. Qe3 Kc6 43. Kb4 b6 44. a4 Nc5 45. Qf3+ Kc7 46. a5 Na6+ 47. Kb3 Nc5+ 48. Kc2 bxa5 49. Qa8 a4 50. Qa7+ Kc6 51. Kb1 Kd5 52. Kc2 Kc6 53. Qa8+ Kc7 54. Qf8 Kd7 55. Qb8 Nce4 56. Qa7+ Kd8 57. Qa5+ Ke7 58. Qa7+ Ke8 59. Qxa4+ Kf8 60. c4 Nxg5 61. c5 Nf5 62. c6 Ne7 63. c7 Nf3 64. Qe4 Ng5 65. Qb4 1-0


[Site "https://www.chess.com"]

[Event "Titled Tuesday Blitz November 08 Late 2022"]
[White "Petersson, Kjell"]
[Black "Silvestre, Christian"]
[WhiteFideId "1705148"]
[BlackFideId "30956269"]
[WhiteElo "2009"]
[BlackElo "2309"]
[Result "0-1"]
[Round "11"]
[TimeControl "180+1"]
[Date "2022.11.09"]
[WhiteClock "0:00:18"]
[BlackClock "0:01:03"]

1. d4 Nf6 2. Bf4 c5 3. d5 d6 4. Nc3 g6 5. e4 Bg7 6. a4 O-O 7. Nf3 Na6 8. Bc4 Nb4 9. O-O b6 10. e5 Nh5 11. Bg3 Nxg3 12. fxg3 dxe5 13. Ng5 e6 14. Nxf7 Rxf7 15. dxe6 Rxf1+ 16. Qxf1 Qe7 17. Rd1 Bxe6 18. Ne4 Nxc2 19. Bd3 Ne3 0-1


[Site "https://www.chess.com"]

[Event "Titled Tuesday Blitz November 08 Late 2022"]
[White "Pinheiro, Iung Alicio de O."]
[Black "Putnam, Liam"]
[WhiteFideId "2104350"]
[BlackFideId "30938279"]
[WhiteElo "2283"]
[BlackElo "2082"]
[Result "1-0"]
[Round "11"]
[TimeControl "180+1"]
[Date "2022.11.09"]
[WhiteClock "0:00:03"]
[BlackClock "0:00:01"]

1. e4 c5 2. Nf3 e6 3. d3 Nc6 4. g3 g6 5. Bg5 Qb6 6. Nbd2 Qxb2 7. Nc4 Qc3+ 8. Bd2 Qg7 9. e5 b5 10. Nd6+ Bxd6 11. exd6 Ne5 12. Bg2 Bb7 13. O-O Nxf3+ 14. Bxf3 Bxf3 15. Qxf3 Rb8 16. a4 b4 17. Be3 Qe5 18. Rad1 Qxd6 19. Bf4 Qb6 20. Bxb8 Qxb8 21. d4 c4 22. d5 Nh6 23. dxe6 dxe6 24. Qc6+ Kf8 25. Rd7 c3 26. Rfd1 Kg7 27. Qxe6 Re8 28. Qc4 Qb6 29. R1d4 a5 30. Rf4 Qe6 31. Qd4+ Qe5 32. Qa7 Qe6 33. Rc7 Kg8 34. Qxa5 b3 35. cxb3 Qxb3 36. Qxc3 Qd1+ 37. Kg2 Qd5+ 38. Qf3 Qe6 39. Rf6 Qa2 40. Rf4 Kg7 41. Qc3+ Kg8 42. Rc8 Qd5+ 43. f3 Rxc8 44. Qxc8+ Kg7 45. Qc3+ Kg8 46. Qd4 Qa2+ 47. Qf2 Qa3 48. g4 Kg7 49. Re4 f5 50. Qd4+ Kf7 51. Qd5+ Kg7 52. Qd7+ Kf8 53. Re8# 1-0


[Site "https://www.chess.com"]

[Event "Titled Tuesday Blitz November 08 Late 2022"]
[White "Polster, Christian"]
[Black "Leitao, Rafael"]
[WhiteFideId "12965081"]
[BlackFideId "2101246"]
[WhiteElo "2209"]
[BlackElo "2609"]
[Result "0-1"]
[Round "11"]
[TimeControl "180+1"]
[Date "2022.11.09"]
[WhiteClock "0:00:01"]
[BlackClock "0:01:41"]

1. e4 c5 2. Nc3 Nc6 3. Nge2 d6 4. g3 g6 5. Bg2 Bg7 6. O-O Nf6 7. d4 cxd4 8. Nxd4 Nxd4 9. Qxd4 O-O 10. Bg5 Be6 11. Qd2 Qb6 12. Rab1 Rfc8 13. Nd5 Nxd5 14. exd5 Bf5 15. Be3 Rxc2 16. Qxc2 Bxc2 17. Bxb6 Bxb1 18. Rxb1 axb6 19. Rc1 Bxb2 20. Rc7 Kf8 21. Rxb7 Bd4 22. Bf1 Rxa2 23. Rxb6 Bxf2+ 0-1


[Site "https://www.chess.com"]

[Event "Titled Tuesday Blitz November 08 Late 2022"]
[White "Prem, Pranav"]
[Black "Brodowski, Piotr"]
[WhiteFideId "30901057"]
[BlackFideId "1124480"]
[WhiteElo "1970"]
[BlackElo "2351"]
[Result "1-0"]
[Round "11"]
[TimeControl "180+1"]
[Date "2022.11.09"]
[WhiteClock "0:01:28"]
[BlackClock "0:01:44"]

1. d4 d5 2. c4 e6 3. Nc3 Ke7 4. cxd5 exd5 5. Nf3 Nf6 6. Bf4 Be6 7. Qb3 b6 8. e3 Ke8 9. Nb5 Bd6 10. Bxd6 cxd6 11. Rc1 Nbd7 12. Nc7+ Ke7 13. Nxa8 Qxa8 14. Bd3 h6 15. O-O g5 16. Rc7 Ne8 17. Rcc1 Rg8 18. Bb5 h5 19. Qa3 g4 20. Ne5 Nef6 21. Rc7 a5 22. Rfc1 Rd8 23. Nc6+ Ke8 24. Qxd6 Ng8 25. Nxd8 Qxd8 26. Rc8 Ne7 27. Rxd8+ Kxd8 28. Bxd7 1-0


[Site "https://www.chess.com"]

[Event "Titled Tuesday Blitz November 08 Late 2022"]
[White "Preotu, Razvan"]
[Black "Zhigalko, Sergei"]
[WhiteFideId "2613280"]
[BlackFideId "13502956"]
[WhiteElo "2407"]
[BlackElo "2662"]
[Result "0-1"]
[Round "11"]
[TimeControl "180+1"]
[Date "2022.11.09"]
[WhiteClock "0:00:22"]
[BlackClock "0:02:03"]

1. e4 c5 2. Nf3 Nc6 3. Bb5 Nf6 4. Nc3 Qc7 5. O-O Nd4 6. Re1 a6 7. Bf1 e5 8. Nd5 Nxd5 9. exd5 d6 10. c3 Nxf3+ 11. Qxf3 Be7 12. d4 O-O 13. dxe5 dxe5 14. Qg3 Bd6 15. Qh4 f5 16. f3 Bd7 17. c4 Rae8 18. Bd2 e4 19. fxe4 fxe4 20. Be3 Be5 21. Rab1 Bd4 22. Bxd4 cxd4 23. Rxe4 Rxe4 24. Qxe4 Bf5 25. Qe1 Bxb1 26. Qxb1 Qf4 27. Bd3 Qf2+ 28. Kh1 Re8 29. Bxh7+ Kh8 0-1


[Site "https://www.chess.com"]

[Event "Titled Tuesday Blitz November 08 Late 2022"]
[White "Ramirez, Maria Eugenia"]
[Black "Capp, Stephen"]
[WhiteFideId "3301680"]
[BlackFideId "2027089"]
[WhiteElo "1941"]
[BlackElo "2179"]
[Result "1-0"]
[Round "11"]
[TimeControl "180+1"]
[Date "2022.11.09"]
[WhiteClock "0:00:10"]
[BlackClock "0:00:01"]

1. e4 e5 2. Nf3 d5 3. exd5 Bd6 4. d4 e4 5. Ne5 Nf6 6. c4 Qe7 7. Nc3 Bxe5 8. dxe5 Qxe5 9. Be2 O-O 10. Be3 Nbd7 11. Bd4 Qg5 12. g3 Re8 13. Qd2 Qg6 14. O-O-O Ne5 15. h4 h5 16. Qf4 Nf3 17. Bxf3 exf3 18. Rhe1 Bf5 19. Re5 Rxe5 20. Bxe5 Ng4 21. Bd4 Re8 22. Qxf3 a6 23. Be3 b5 24. cxb5 axb5 25. Nxb5 Bb1 26. Na3 Be4 27. Qe2 Qd6 28. Nc4 Qa6 29. b3 Rb8 30. Rd4 f5 31. f3 Rxb3 32. axb3 Qa1+ 33. Kd2 Qa2+ 34. Ke1 Qb1+ 35. Rd1 Qxb3 36. fxg4 hxg4 37. Nd2 Qc3 38. Bf4 Bf3 39. Qe3 Qc2 40. Rb1 Qxb1+ 41. Nxb1 Bxd5 42. Nd2 Kh7 43. Qe5 Bg2 44. Qxf5+ 1-0


[Site "https://www.chess.com"]

[Event "Titled Tuesday Blitz November 08 Late 2022"]
[White "Rodriguez Santiago, Jaime"]
[Black "Bilan, Danila"]
[WhiteFideId "3100898"]
[BlackFideId "24161918"]
[WhiteElo "2025"]
[BlackElo "2173"]
[Result "1-0"]
[Round "11"]
[TimeControl "180+1"]
[Date "2022.11.09"]
[WhiteClock "0:00:21"]
[BlackClock "0:00:01"]

1. c4 Nf6 2. Nc3 c6 3. d4 d5 4. cxd5 cxd5 5. Bf4 a6 6. e3 Nc6 7. Qb3 e6 8. Bd3 Bd6 9. Bxd6 Qxd6 10. f4 O-O 11. Nf3 b5 12. O-O Na5 13. Qc2 Nc4 14. Rae1 Bb7 15. Ne5 Rac8 16. Qe2 Ne4 17. Nxe4 dxe4 18. Bb1 f6 19. Nxc4 Rxc4 20. a3 Rfc8 21. g4 Bd5 22. Rf2 e5 23. dxe5 fxe5 24. f5 Rc1 25. Qd2 Rxe1+ 26. Qxe1 Qh6 27. Qd2 Bf7 28. Bxe4 Qh4 29. Qe2 Rc1+ 30. Kg2 Bc4 31. Qf3 Qd8 32. f6 gxf6 33. Qf5 Qe7 34. g5 Qg7 35. h4 fxg5 36. hxg5 Bf7 37. Rd2 Qf8 38. Qxh7# 1-0


[Site "https://www.chess.com"]

[Event "Titled Tuesday Blitz November 08 Late 2022"]
[White "Salman, Pavel"]
[Black "Dudzinski, Pawel"]
[WhiteFideId "24153753"]
[BlackFideId "1117890"]
[WhiteElo "2187"]
[BlackElo "2086"]
[Result "1/2-1/2"]
[Round "11"]
[TimeControl "180+1"]
[Date "2022.11.09"]
[WhiteClock "0:00:04"]
[BlackClock "0:00:14"]

1. d4 f5 2. c3 Nf6 3. Nh3 e6 4. Nf4 d5 5. h4 Bd6 6. g3 O-O 7. Bg2 c6 8. Nd2 e5 9. dxe5 Bxe5 10. Nf3 Bc7 11. Nd4 Qe7 12. O-O Ne4 13. Qc2 Be5 14. a4 a5 15. b3 Na6 16. Ba3 Bd6 17. Bxd6 Qxd6 18. Rad1 Qe5 19. Nd3 Qf6 20. Nf4 Nc7 21. c4 c5 22. cxd5 cxd4 23. Qxc7 Nc3 24. Rd2 Ra6 25. Rc1 Rb6 26. Bf3 g6 27. Kg2 Rd8 28. Ne6 Rxe6 29. dxe6 Bxe6 30. Rxc3 Rd7 31. Qc8+ Rd8 32. Qc7 Rd7 33. Qxd7 Bxd7 34. Rcd3 Be6 35. Rxd4 Bxb3 36. Bxb7 Kg7 37. Bd5 Bxd5+ 38. Rxd5 Qc6 39. Rd4 Kh6 40. f3 Qc2 41. Kf2 Qa2 42. Rxa5 Qa1 43. Rad5 Qh1 44. a5 Qh2+ 45. Ke3 Qxg3 46. a6 Qg1+ 47. Kd2 Qa1 48. Rd6 Qa2+ 49. Ke3 Qa3+ 50. Kf2 Qc5 51. Rd5 Qb6 52. Rd6 Qc5 53. Kg2 f4 54. R6d5 Qc2 55. Re4 Qa2 56. Rd6 Qa3 57. Rde6 Qa1 58. Rxf4 Qa2 59. Rfe4 Qa1 60. Kf2 Qa2 61. Rd6 Qa3 62. Rd7 Qc5+ 63. Kg2 Qb5 64. Ree7 g5 65. Rxh7+ Kg6 66. Rhg7+ Kf6 67. hxg5+ Ke6 68. Rge7+ Kf5 69. a7 Qa6 70. Rf7+ Kxg5 71. Rf8 Qxe2+ 72. Kg3 Qe1+ 73. Kg2 Qe2+ 74. Kg3 Qe1+ 75. Kg2 Qe2+ 1/2-1/2


[Site "https://www.chess.com"]

[Event "Titled Tuesday Blitz November 08 Late 2022"]
[White "Sargsyan, Anna M."]
[Black "Viana Da Costa, Fernando"]
[WhiteFideId "13308130"]
[BlackFideId "2111900"]
[WhiteElo "2284"]
[BlackElo "2259"]
[Result "1-0"]
[Round "11"]
[TimeControl "180+1"]
[Date "2022.11.09"]
[WhiteClock "0:00:03"]
[BlackClock "0:00:06"]

1. d4 Nf6 2. c4 e6 3. Nf3 d5 4. Nc3 Be7 5. Bg5 O-O 6. e3 h6 7. Bxf6 Bxf6 8. Qc2 c6 9. cxd5 exd5 10. Bd3 Re8 11. O-O-O a5 12. Rdg1 Na6 13. a3 b5 14. g4 b4 15. Ne2 bxa3 16. bxa3 Qd6 17. g5 Qxa3+ 18. Kd2 hxg5 19. Nxg5 Nb4 20. Bh7+ Kf8 21. Qc3 Qa2+ 22. Kd1 Ba6 23. Nc1 Qa4+ 24. Kd2 Qb5 25. Bf5 Kg8 26. Nh7 Be7 27. Rg4 Qc4 28. Rhg1 Qxc3+ 29. Kxc3 g6 30. Bxg6 fxg6 31. Rxg6+ Kxh7 32. Rg7+ Kh8 33. R7g3 Bc8 34. Ne2 Bd6 35. Rg5 Na2+ 36. Kb2 Ra7 37. Kxa2 Rh7 38. Ng3 Be6 39. Nf5 Bxf5 40. Rxf5 Rf8 41. Rxf8+ Bxf8 42. Kb3 Bd6 43. Ra1 Rb7+ 44. Kc2 Bb4 45. Kd3 Rf7 46. f4 Kg7 47. Ke2 Kf6 48. Kf3 Rh7 49. Rh1 Ra7 50. e4 dxe4+ 51. Kxe4 a4 52. Ra1 a3 53. Kd3 Ke6 54. Kc4 Bd6 55. h4 Kd7 56. f5 Ra5 57. f6 Rf5 58. h5 Rxf6 59. Rh1 Rh6 60. Kb3 Ke6 61. Re1+ Kd5 62. Rh1 Rh8 63. Rh4 Rb8+ 64. Ka2 Rb2+ 65. Ka1 Rf2 66. h6 Rf8 67. h7 Rh8 68. Ka2 Ke6 69. Kb3 Kf7 70. Rh6 Bf8 71. Rxc6 Rxh7 72. Ra6 Rh3+ 73. Kc4 Rh2 74. Kd5 a2 75. Ra7+ Be7 76. Kc6 Kf6 77. Kd5 Bb4 78. Kc4 Rb2 79. d5 Bd6 80. Ra6 Ke5 81. Ra8 Rc2+ 82. Kd3 Rd2+ 83. Kxd2 Kxd5 84. Rxa2 Bc5 85. Kd3 Bd6 86. Rg2 Ke6 87. Ke4 Kf7 88. Kf5 Ke7 89. Ra2 Kd7 90. Ra7+ Kc6 91. Ke6 Bb8 92. Ra2 Kb7 93. Kd7 Bg3 94. Ra3 Bf4 95. Rb3+ Ka8 96. Kc8 Bd6 97. Rb6 Bc5 98. Rb5 Ba7 99. Rb1 Be3 100. Kc7 Ba7 101. Kc6 Bf2 102. Kb5 Ba7 103. Rb2 Kb7 104. Re2 Kb8 105. Re8+ Kc7 106. Re7+ Kb8 107. Kc6 Bg1 108. Rg7 Ka8 109. Rxg1 1-0


[Site "https://www.chess.com"]

[Event "Titled Tuesday Blitz November 08 Late 2022"]
[White "Sebag, Marie"]
[Black "Reprintsev, Alexander"]
[WhiteFideId "617822"]
[BlackFideId "14100541"]
[WhiteElo "2440"]
[BlackElo "2230"]
[Result "1-0"]
[Round "11"]
[TimeControl "180+1"]
[Date "2022.11.09"]
[WhiteClock "0:00:24"]
[BlackClock "0:00:03"]

1. c4 e5 2. Nc3 Nc6 3. g3 Nf6 4. Bg2 Bc5 5. e3 d5 6. cxd5 Nb4 7. d3 Nbxd5 8. Nge2 O-O 9. a3 c6 10. O-O Bg4 11. h3 Bh5 12. g4 Bg6 13. b4 Bb6 14. Ne4 a5 15. bxa5 Rxa5 16. Bb2 Re8 17. N2g3 Qa8 18. Nd6 Re6 19. Nc4 Ra6 20. Nxe5 Bxe3 21. fxe3 Nxe3 22. Qf3 Nxf1 23. Rxf1 Rb6 24. Bd4 Rb5 25. g5 Qd8 26. Ba1 Rexe5 27. Bxe5 Bxd3 28. Bxf6 gxf6 29. Rd1 Rd5 30. gxf6 Kf8 31. Qg4 Qxf6 32. Bxd5 cxd5 33. Rxd3 Qa1+ 34. Kg2 Qb2+ 35. Qe2 1-0


[Site "https://www.chess.com"]

[Event "Titled Tuesday Blitz November 08 Late 2022"]
[White "Shapiro, Daniel"]
[Black "Fiol, Fabrice"]
[WhiteFideId "2001780"]
[BlackFideId "611670"]
[WhiteElo "2266"]
[BlackElo "2437"]
[Result "0-1"]
[Round "11"]
[TimeControl "180+1"]
[Date "2022.11.09"]
[WhiteClock "0:00:14"]
[BlackClock "0:00:59"]

1. d4 Nf6 2. c4 e6 3. g3 Bb4+ 4. Nd2 c6 5. Bg2 d5 6. Qc2 O-O 7. a3 Be7 8. Ngf3 b6 9. O-O Ba6 10. b4 Nbd7 11. Bb2 Rc8 12. Rac1 c5 13. dxc5 bxc5 14. b5 Bb7 15. e3 Re8 16. Rfd1 Qb6 17. a4 a5 18. Ne5 Nxe5 19. Bxe5 Nd7 20. Bb2 Bf6 21. Nb3 Bxb2 22. Qxb2 Nf6 23. Qc3 d4 24. exd4 Bxg2 25. Kxg2 cxd4 26. Qxd4 Qb7+ 27. f3 h6 28. c5 e5 29. c6 Qe7 30. Qd6 Qa7 31. Qc5 Qa8 32. b6 Qa6 33. Qb5 Qxb5 34. axb5 e4 35. b7 exf3+ 36. Kxf3 Rb8 37. Nxa5 Ne4 38. c7 Ng5+ 39. Kg4 Re4+ 40. Kf5 g6+ 0-1


[Site "https://www.chess.com"]

[Event "Titled Tuesday Blitz November 08 Late 2022"]
[White "Sibilio, Mario"]
[Black "Ambartsumova, Karina"]
[WhiteFideId "800422"]
[BlackFideId "4166299"]
[WhiteElo "2251"]
[BlackElo "2319"]
[Result "0-1"]
[Round "11"]
[TimeControl "180+1"]
[Date "2022.11.09"]
[WhiteClock "0:01:04"]
[BlackClock "0:00:16"]

1. e4 c5 2. Nf3 Nc6 3. Bb5 e6 4. Bxc6 bxc6 5. e5 Ne7 6. d3 Ng6 7. h4 Qc7 8. Qe2 f6 9. exf6 gxf6 10. h5 Nf4 11. Qf1 Rg8 12. g3 Nd5 13. a3 Bd6 14. Qe2 Ba6 15. c4 Ne7 16. Nc3 f5 17. Ng5 h6 18. Nh3 O-O-O 19. Bxh6 e5 20. Ng5 Rde8 21. Nf7 e4 22. dxe4 fxe4 23. O-O-O Nf5 24. Nxd6+ Nxd6 25. Bf4 Re6 26. Rxd6 Rxd6 0-1


[Site "https://www.chess.com"]

[Event "Titled Tuesday Blitz November 08 Late 2022"]
[White "Simonovic, Miroslav"]
[Black "Yanayt, Eugene"]
[WhiteFideId "919152"]
[BlackFideId "2020165"]
[WhiteElo "2043"]
[BlackElo "2046"]
[Result "1/2-1/2"]
[Round "11"]
[TimeControl "180+1"]
[Date "2022.11.09"]
[WhiteClock "0:00:07"]
[BlackClock "0:00:02"]

1. d4 Nf6 2. Bg5 Ne4 3. h4 Nxg5 4. hxg5 h6 5. g6 f6 6. e4 e6 7. f4 Be7 8. f5 d5 9. fxe6 Bxe6 10. exd5 Bxd5 11. c4 Bb4+ 12. Nc3 Be4 13. Qa4+ Nc6 14. d5 Qe7 15. O-O-O O-O 16. dxc6 bxc6 17. Nf3 Bxg6 18. Bd3 Bf7 19. Qc2 Rab8 20. a3 Bxa3 21. bxa3 Qxa3+ 22. Kd2 Rb2 23. Ra1 Rxc2+ 24. Kxc2 Qc5 25. Rhe1 Bxc4 26. Bxc4+ Qxc4 27. Ra4 Qc5 28. Nd2 f5 29. Rea1 Rd8 30. Rxa7 Qf2 31. Nb1 Rd5 32. Rxc7 Rc5+ 33. Nc3 Qd4 34. Ra8+ Kh7 35. Nb1 Qe4+ 36. Kb2 Qxg2+ 37. Kb3 Qg4 38. Raa7 Qc4+ 39. Kc2 Qe2+ 40. Kb3 Qc4+ 41. Kb2 Kg6 42. Rxg7+ Kh5 43. Rgf7 Qb4+ 44. Kc2 Re5 45. Rad7 Qb6 46. Rd2 Kg6 47. Rfd7 f4 48. R7d6+ Kf5 49. R2d3 Kg4 50. Nd2 Qa6 51. Nb3 Qb7 52. Rg6+ Kf5 53. Rxh6 Re1 54. Rh5+ Kg4 55. Rc5 f3 56. Rc4+ Kg3 57. Nd2 Kg2 58. Rxf3 Qh7+ 59. Rd3 Re3 60. Rd4 c5 61. Rd5 c4 62. Nxc4 Re2+ 63. Nd2 Rf2 64. Rd4 Kh2 65. Ne4 Re2 66. Rc4 Rxe4 67. Rxe4 Qc7+ 68. Rc4 Qb6 69. Rdc3 Kg2 70. Ne4 Kf1 71. Nc5 Ke2 72. Nb3 Qg6+ 73. Kb2 Qf6 74. Ka3 Kf2 75. Rc2+ Ke3 76. Nc5 Qb6 77. Ka2 Qa7+ 78. Kb2 Qb6+ 79. Nb3 Qb5 80. R4c3+ Ke4 81. Rc4+ Ke3 82. R2c3+ Ke2 83. Re4+ Kf2 84. Rec4 Ke2 85. Rc2+ Ke3 1/2-1/2


[Site "https://www.chess.com"]

[Event "Titled Tuesday Blitz November 08 Late 2022"]
[White "Souleidis, Georgios"]
[Black "Roux, Baptiste"]
[WhiteFideId "4206827"]
[BlackFideId "36017450"]
[WhiteElo "2401"]
[BlackElo "2077"]
[Result "1-0"]
[Round "11"]
[TimeControl "180+1"]
[Date "2022.11.09"]
[WhiteClock "0:00:35"]
[BlackClock "0:00:07"]

1. e4 c5 2. Nf3 e6 3. g3 Nc6 4. Bg2 d5 5. exd5 exd5 6. d4 Bg4 7. O-O Nxd4 8. Qe1+ Ne6 9. Ne5 Bf5 10. c4 Nf6 11. cxd5 Nxd5 12. Nc3 Nxc3 13. Qxc3 Be7 14. Bxb7 O-O 15. Nc6 Qc7 16. Nxe7+ Qxe7 17. Bxa8 Rxa8 18. Re1 Qb7 19. f3 Nd4 20. Kf2 Nc2 21. Be3 Nxa1 22. Rxa1 Rd8 23. Re1 h6 24. b3 Rd5 25. Re2 Qc6 26. Rd2 Rxd2+ 27. Bxd2 Be6 28. Be3 Qa6 29. a4 c4 30. bxc4 Qxc4 31. Qxc4 Bxc4 32. Bxa7 Kf8 33. Ke3 Ke8 34. Kd4 Bb3 35. a5 Kd7 36. Kc5 Bd1 37. f4 Bf3 38. Bb8 Kc8 39. Bd6 Kb7 40. Bf8 g6 41. Bxh6 Ka6 42. Kb4 Be4 43. Bg7 Bd5 44. Bc3 Be6 45. Kc5 Kb7 46. Kd6 Kc8 47. Ke7 Kb7 48. Kf6 Kc6 49. Bd4 Kb5 50. Bc3 Kc6 51. Be1 Kb5 52. Kg5 Kc6 53. g4 Kb5 54. h4 Bc4 55. h5 gxh5 56. gxh5 Bd3 57. Kf6 Be2 58. h6 Bd3 59. Kxf7 1-0


[Site "https://www.chess.com"]

[Event "Titled Tuesday Blitz November 08 Late 2022"]
[White "Stoyanov, Tsvetan"]
[Black "Tokhirjonova, Gulrukhbegim"]
[WhiteFideId "2917173"]
[BlackFideId "14203626"]
[WhiteElo "2349"]
[BlackElo "2236"]
[Result "1-0"]
[Round "11"]
[TimeControl "180+1"]
[Date "2022.11.09"]
[WhiteClock "0:00:10"]
[BlackClock "0:00:17"]

1. e4 e5 2. Nf3 Nc6 3. d4 exd4 4. Nxd4 Nf6 5. Nxc6 bxc6 6. e5 Qe7 7. Qe2 Nd5 8. h4 a5 9. c4 Ba6 10. g3 g6 11. h5 Bg7 12. f4 f6 13. hxg6 hxg6 14. Rxh8+ Bxh8 15. Qc2 fxe5 16. Qxg6+ Kf8 17. f5 Nf4 18. gxf4 exf4+ 19. Kd1 Re8 20. Bd3 Qe1+ 21. Kc2 d5 22. Qxc6 dxc4 23. Qxa6 cxd3+ 24. Qxd3 Qf2+ 25. Bd2 f3 26. Nc3 Bf6 27. Rf1 Qg2 28. Qxf3 Qg7 29. Rh1 Qd7 30. Bh6+ Kf7 31. Qh5+ Kg8 32. Qg6+ Bg7 33. Bxg7 Qxg7 34. Qxe8+ 1-0


[Site "https://www.chess.com"]

[Event "Titled Tuesday Blitz November 08 Late 2022"]
[White "Ter-Sahakyan, Samvel"]
[Black "Papasimakopoulos, Alexandros"]
[WhiteFideId "13302531"]
[BlackFideId "4244125"]
[WhiteElo "2584"]
[BlackElo "2365"]
[Result "0-1"]
[Round "11"]
[TimeControl "180+1"]
[Date "2022.11.09"]
[WhiteClock "0:00:01"]
[BlackClock "0:01:52"]

1. e4 e6 2. d4 d5 3. Nd2 Nf6 4. e5 Nfd7 5. Bd3 c5 6. c3 Nc6 7. Ne2 cxd4 8. cxd4 f6 9. exf6 Nxf6 10. O-O Bd6 11. Nf3 Qc7 12. Bg5 O-O 13. Bh4 Nh5 14. Qc2 h6 15. Bh7+ Kh8 16. Bg6 Rxf3 17. Bxh5 Bxh2+ 18. Kh1 Rf5 19. Bg6 Bd6 20. Bxf5 exf5 21. Rae1 Qf7 22. Bg3 Bb4 23. Rd1 Bd7 24. a3 Re8 25. Kg1 Ba5 26. b4 Bb6 27. Rfe1 Kg8 28. Qd2 Re4 29. f3 Nxd4 30. Bf2 Nxe2+ 31. Rxe2 Rxe2 32. Qxe2 Bxf2+ 33. Qxf2 a6 34. Qd4 Bc6 35. Re1 Qg6 36. Re7 Qg3 37. Qe5 f4 38. Qf5 d4 39. Qf7+ Kh8 40. Qf8+ Kh7 41. Qf5+ Kg8 42. Qf7+ Kh7 43. Qf5+ Qg6 44. Qxg6+ Kxg6 45. Kf2 Kf6 46. Re1 h5 47. Rh1 g6 48. Ke2 Bb5+ 49. Kd2 Bc4 50. Re1 g5 51. Re4 Bf1 52. Ke1 Bxg2 53. Kf2 Bh3 54. Rxd4 Be6 55. Rd8 g4 56. fxg4 hxg4 57. Rb8 g3+ 58. Kf3 Bd5+ 59. Kxf4 g2 0-1


[Site "https://www.chess.com"]

[Event "Titled Tuesday Blitz November 08 Late 2022"]
[White "Thiel, Thomas"]
[Black "Tan, Ralph"]
[WhiteFideId "4615964"]
[BlackFideId "30966590"]
[WhiteElo "2233"]
[BlackElo "2059"]
[Result "0-1"]
[Round "11"]
[TimeControl "180+1"]
[Date "2022.11.09"]
[WhiteClock "0:00:25"]
[BlackClock "0:00:24"]

1. e4 e6 2. d4 d5 3. Nc3 Nf6 4. Bg5 Be7 5. e5 Nfd7 6. h4 h6 7. Bxe7 Qxe7 8. f4 a6 9. Nf3 c5 10. Ne2 Nc6 11. Qd2 b5 12. O-O-O b4 13. dxc5 Nxc5 14. Ned4 Nxd4 15. Qxd4 O-O 16. Kb1 a5 17. g4 Ba6 18. Bd3 Bxd3 19. cxd3 a4 20. f5 Rfc8 21. f6 Qa7 22. fxg7 a3 23. b3 Nd7 24. Qxa7 Rxa7 25. g5 h5 26. Rc1 Rac7 27. Rxc7 Rxc7 28. Re1 Kxg7 29. Nd4 Rc3 30. Nc2 Rxd3 31. Nxb4 Rh3 32. Nc2 Rxh4 33. Nxa3 Rg4 34. Nb5 h4 35. a4 h3 36. Rh1 Rg3 37. Kb2 Nc5 38. Nd4 Rd3 39. b4 Nxa4+ 0-1


[Site "https://www.chess.com"]

[Event "Titled Tuesday Blitz November 08 Late 2022"]
[White "Thomas, Anysia"]
[Black "Gasparyan, David"]
[WhiteFideId "670472"]
[BlackFideId "13311980"]
[WhiteElo "2069"]
[BlackElo "2271"]
[Result "0-1"]
[Round "11"]
[TimeControl "180+1"]
[Date "2022.11.09"]
[WhiteClock "0:00:01"]
[BlackClock "0:00:15"]

1. d4 d5 2. c4 e6 3. Nf3 Nc6 4. Nc3 Nf6 5. Bg5 Bb4 6. cxd5 Qxd5 7. e3 Ne4 8. h4 Nxc3 9. bxc3 Bxc3+ 10. Nd2 Bxa1 11. Qxa1 Nb4 12. Qc3 Nxa2 13. Qa3 f6 14. Bc4 Qxg2 15. Rf1 fxg5 16. Bxa2 gxh4 17. Qc5 Bd7 18. Nc4 O-O-O 19. Qxa7 Bb5 20. Bb3 h3 21. Qa8+ Kd7 22. Qa5 Bc6 23. Ne5+ Ke7 24. Qxc7+ Rd7 25. Nxd7 Bxd7 26. Qc5+ Ke8 27. Qh5+ g6 28. Qc5 h2 29. Qe5 Rf8 30. Qb8+ Ke7 31. Qxb7 Qxb7 0-1


[Site "https://www.chess.com"]

[Event "Titled Tuesday Blitz November 08 Late 2022"]
[White "Veiga, Jose Francisco R P Neves"]
[Black "Kobo, Ori"]
[WhiteFideId "1930087"]
[BlackFideId "2812320"]
[WhiteElo "2320"]
[BlackElo "2447"]
[Result "1-0"]
[Round "11"]
[TimeControl "180+1"]
[Date "2022.11.09"]
[WhiteClock "0:00:32"]
[BlackClock "0:00:04"]

1. Nf3 d5 2. g3 c5 3. Bg2 Nf6 4. O-O g6 5. c3 Bg7 6. d4 cxd4 7. cxd4 Ne4 8. Ne5 O-O 9. Nc3 Nxc3 10. bxc3 Nc6 11. Nxc6 bxc6 12. Qa4 Qb6 13. Ba3 Qa6 14. Qxa6 Bxa6 15. Bxe7 Rfe8 16. Bc5 Bxe2 17. Rfe1 Bf8 18. Bxf8 Kxf8 19. Rab1 Bc4 20. a3 Rxe1+ 21. Rxe1 Rb8 22. Bh3 f5 23. g4 f4 24. g5 Rb3 25. Bd7 Rxa3 26. h4 Rxc3 27. Bxc6 Rd3 28. Re8+ Kf7 29. Rh8 Kg7 30. Ra8 a6 31. Ra7+ Kg8 32. Bd7 Rxd4 33. Be6+ Kf8 34. Rxh7 Bd3 35. Rf7+ Ke8 36. Rf6 Ke7 37. Bf7 a5 38. Bxg6 Bc4 39. h5 a4 40. h6 a3 41. h7 a2 42. Rf7+ Ke6 43. Ra7 Rd1+ 44. Kh2 a1=Q 45. Rxa1 Rxa1 46. h8=Q Ra2 47. Qf6+ 1-0


[Site "https://www.chess.com"]